 Dungeon Crawl Stone Soup version 0.29.1-2-gbd0b4ee654 (webtiles) character file.

Game seed: 5057828682715218657

98 zeram the Caller (level 4, 0/39 HPs)
             Began as a Troll Summoner on Nov 16, 2022.
             Succumbed to a scorpion's poison
             ... on level 4 of the Dungeon.
             The game lasted 00:04:10 (1685 turns).

zeram the Caller (Troll Summoner)                   Turns: 1685, Time: 00:04:11

Health: 0/39       AC:  8    Str: 16    XL:     4   Next: 44%
Magic:  5/5        EV:  6    Int: 13    God:
Gold:   190        SH:  9    Dex: 10    Spells: 2/5 levels left

rFire   . . .      SeeInvis .   g - +4 short sword
rCold   . . .      Faith    .   f - +0 tower shield
rNeg    . . .      Spirit   .   a - +0 robe
rPois   .          Reflect  .   (helmet restricted)
rElec   .          Harm     .   (no cloak)
rCorr   .          Rampage  .   (gloves unavailable)
Will    +....                   (boots unavailable)
Stlth   +.........              (no amulet)
HPRegen 0.93/turn               c - +4 ring of protection
MPRegen 0.09/turn               d - ring of willpower

@: lethally poisoned (0 -> -4), attractive, flying
A: large, unfitting armour, claws 3, regeneration 1, shaggy fur 1, tough skin 1
a: no special abilities


You were on level 4 of the Dungeon.
You visited 1 branch of the dungeon, and saw 4 of its levels.

You collected 190 gold pieces.

Inventory:

Hand Weapons
 g - a +4 short sword (weapon)
Armour
 a - a +0 robe (worn)
 f - a +0 tower shield (worn)
Jewellery
 c - a +4 ring of protection (left claw)
 d - a ring of willpower (right claw)
 h - a ring of protection from fire
Scrolls
 k - a scroll of teleportation
Potions
 b - 2 potions of magic
 e - a potion of attraction
 i - a potion of brilliance


   Skills:
 + Level 2.4 Dodging
 - Level 1.0 Stealth
 - Level 0.1 Shields
 + Level 1.3 Spellcasting
 + Level 4.0 Summonings


You had 2 spell levels left.
You knew the following spells:

 Your Spells              Type           Power      Damage    Failure   Level
a - Summon Small Mammal   Summ           44%        N/A       43%         1
b - Call Imp              Summ           11%        N/A       58%         2

Your spell library contained the following spells:

 Spells                   Type           Power      Damage    Failure   Level
 Beastly Appendage        Tmut           0%         N/A       94%         1
 Necrotise                Necr           0%         1d4       94%         1
 Wereblood                Tmut           0%         N/A       98%         2
 Call Canine Familiar     Summ           11%        N/A       82%         3
 Summon Guardian Golem    Hex/Summ       6%         N/A       97%         3
 Gell's Gravitas          Tloc           0%         N/A       100%        3
 Lesser Beckoning         Tloc           0%         N/A       100%        3
 Spider Form              Tmut/Pois      0%         N/A       100%        3
 Teleport Other           Tloc           0%         N/A       100%        3
 Vampiric Draining        Necr           0%         2d6       100%        3
 Summon Lightning Spire   Summ/Air       6%         N/A       100%        4
 Agony                    Necr           0%         N/A       100%        5


Dungeon Overview and Level Annotations

Branches:
Dungeon (4/15)
 Temple: D:4-7

Altars:

Shops:
D:3 *   D:4 *

Annotations:
D:3 2 transporters, Grinder


Innate Abilities, Weirdness & Mutations

You are too large for most types of armour.
You have claws for hands.
Your natural rate of healing is unusually fast.
You are covered in fur. (AC +1)
You have tough skin. (AC +1)


Message History

A scorpion is nearby!
Found 10 gold pieces.
The scorpion stings you.
You are poisoned.
The scorpion poisons you!
You hit the scorpion.
The scorpion is lightly wounded.
You feel very sick. The scorpion stings you.
You barely miss the scorpion.
The scorpion is lightly wounded.
You feel very sick. The scorpion closely misses you. The scorpion stings you.
You hit the scorpion.
The scorpion is moderately wounded.
You feel sick. The scorpion stings you. x2
You hit the scorpion.
The scorpion is heavily wounded.
You feel sick.
The scorpion stings you but does no damage. x2
You hit the scorpion but do no damage.
The scorpion is heavily wounded.
You feel sick. You block the scorpion's attack.
You barely miss the scorpion.
The scorpion is heavily wounded.
You feel sick.
You are no longer poisoned.
The scorpion stings you.
* * * LOW HITPOINT WARNING * * *
You are poisoned.
The scorpion poisons you! The scorpion stings you.
* * * LOW HITPOINT WARNING * * *
It was a potion of attraction.
You feel attractive to monsters.
You feel very sick. The scorpion stings you.
* * * LOW HITPOINT WARNING * * *
It was a potion of flight.
You feel very buoyant.
You fly up into the air.
You die...

.#......#
###.......#######.#
..............#...##
...................#
..............#...###
$............##......
..................#.#
......s@................
........$....∩....#.#...
.........)......#......#
###.............##.....#
#..........#...# ...##
#..........#..####..#.
#..............##....#
###....###...........#
..... #..##........#


You could see a scorpion.

Vanquished Creatures
  2 adders (D:3)
  4 worms
  A dart slug (D:1)
  An orc (D:3)
  5 ball pythons
  7 endoplasms (D:1)
  2 giant cockroaches
  6 goblins
  5 hobgoblins
  9 quokkas
  7 bats
  2 frilled lizards (D:2)
  4 kobolds
  9 rats
64 creatures vanquished.

Notes
Turn   | Place    | Note
-------+----------+-------------------------------------------
     0 | D:1      | zeram the Troll Summoner began the quest for the Orb.
     0 | D:1      | Reached XP level 1. HP: 16/16 MP: 1/1
    40 | D:1      | Reached skill level 3 in Summonings
    69 | D:1      | Reached XP level 2. HP: 14/24 MP: 2/2
   139 | D:1      | Found a faded altar of an unknown god.
   216 | D:1      | Reached XP level 3. HP: 25/31 MP: 3/3
  1320 | D:3      | Reached XP level 4. HP: 35/39 MP: 4/4
  1391 | D:3      | Reached skill level 4 in Summonings
  1415 | D:3      | Noticed a phantom
  1416 | D:3      | Found Damm's General Store.
  1416 | D:3      | Noticed Grinder
  1563 | D:3      | Found a transporter.
  1566 | D:3      | Noticed a kobold demonologist
  1579 | D:3      | Found a transporter.
  1612 | D:4      | Learned a level 2 spell: Call Imp
  1642 | D:4      | Identified the +1 leather armour "Oviurrer" {Rampage rCorr
                  | Dex+7}
  1653 | D:4      | Found Ruegujuk's Retail Resort.
  1674 | D:4      | Noticed a scorpion
  1685 | D:4      | Succumbed to a scorpion's poison

Illustrated notes

Levels and vault maps discovered:
D:1:      evilmike_arrival_hilbert_curve, layout_rooms,
          ebering_ecumenical_altar_ruins, minmay_crystal_water
D:2:      layout_basic, minivault_19
D:3:      gammafunk_wand_slinger, layout_basic,
          lemuel_zombie_altar_kikubaaqudgha, serial_shops, shop_statue,
          uniq_grinder
D:4:      layout_cave_pools, hangedman_ru_absence, mainiacjoe_overflow_paths,
          mainiacjoe_overflow_alcove_2, serial_co_window_serial,
          co_window_corner_a, co_window_corner_a, co_window_of_opportunity_a,
          co_window_paths_b, co_window_paths_a, co_window_corner_a,
          co_window_cross_1, co_window_unsneaky_path_a, co_window_broadway_c,
          co_window_corner_b, glass_columns_b, glass_columns_a,
          nicolae_alphabet_shops, uniq_menkaure, uniq_robin

Skill      XL: |  1  2  3  4 |
---------------+-------------+-----
Summonings     | 3 4 |  4.0
Dodging        | 2 |  2.4
Stealth        | |  1.0
Shields        | |  0.1
Spellcasting   | |  1.3

Action                   |  1- 3 |  4- 6 || total
-------------------------+-------+-------++-------
Melee: Unarmed           |   160 |       ||   160
       Punch             |     1 |       ||     1
       Short sword       |    12 |    67 ||    79
  Use: Scroll            |     1 |     1 ||     2
       Potion            |       |     2 ||     2
 Stab: Sleeping          |     1 |       ||     1
Armor: Robe              |   100 |    46 ||   146
Dodge: Dodged            |    99 |    18 ||   117
Block: Tower shield      |    20 |    37 ||    57
